 Dungeon Crawl Stone Soup version 0.32-a0-818-gb728d0252e (webtiles) character file.

Game seed: 18201023483635951530

124 Goblin1989 the Shooter (level 4, -1/32 HPs)
             Began as a Demonspawn Hexslinger on Mar 24, 2024.
             Slain by a gnoll
             ... wielding a +0 flail
              (9 damage)
             ... on level 2 of the Dungeon.
             The game lasted 00:06:28 (1855 turns).

Goblin1989 the Shooter (Demonspawn Hexslinger)      Turns: 1855, Time: 00:06:28

Health: -1/32      AC:  2    Str:  8 (11) XL:     4   Next: 81%
Magic:  5/5        EV: 11    Int: 12 (13) God:
Gold:   38         SH:  0    Dex: 12 (15) Spells: 5/5 levels left

rFire   . . .        (no weapon)
rCold   . . .        (no shield)
rNeg    . . .        c - +0 robe
rPois   .            (helmet restricted)
rElec   .            (no cloak)
rCorr   .            (no gloves)
SInv    .            (no boots)
Will    .....        (no amulet) Stlth
                     (no ring)
HPRegen 0.25/turn    (no ring)
MPRegen 0.09/turn

%: no passive effects
@: silenced
A: hooves 1, horns 1
a: no special abilities


You were on level 2 of the Dungeon.
You visited 1 branch of the dungeon, and saw 2 of its levels.

You collected 38 gold pieces.

Inventory:

Hand Weapons
 b - a +0 arbalest
 w - a +1 sling
Armour
 c - a +0 robe (worn)
Jewellery
 F - a +5 ring of evasion
Scrolls
 d - 2 scrolls of silence
 e - 2 scrolls of poison
 y - a scroll of revelation {unknown}
 z - a scroll of enchant weapon {unknown}
 A - a scroll of acquirement {unknown}
 B - a scroll of fear {unknown}
 C - a scroll of enchant armour {unknown}
 E - a scroll of vulnerability {unknown}


   Skills:
 - Level 1.0 Fighting
 + Level 4.6 Ranged Weapons
 - Level 1.7 Dodging
 - Level 1.0 Spellcasting
 - Level 3.0 Hexes
 - Level 0.8 Fire Magic


You had 5 spell levels left.
You didn't know any spells.
Your spell library contained the following spells:

 Spells                   Type           Power      Damage    Failure   Level
 Jinxbite                 Hex            14%        N/A       13%         2
 Sigil of Binding         Hex            7%         N/A       26%         3
 Inner Flame              Hex/Fire       5%         N/A       38%         3
 Lesser Beckoning         Tloc           0%         N/A       41%         2
 Gell's Gravitas          Tloc           0%         N/A       65%         3
 Stone Arrow              Conj/Erth      0%         3d7       65%         3
 Teleport Other           Tloc           0%         N/A       65%         3
 Cause Fear               Hex            3%         N/A       65%         4
 Dimensional Bullseye     Hex/Tloc       2%         N/A       85%         4
 Animate Armour           Summ/Erth      0%         N/A       96%         4
 Lehudib's Crystal Spear  Conj/Erth      0%         10d2      100%        8


Dungeon Overview and Level Annotations

Branches:
Dungeon (2/15) Zot: 10045

Altars:

Annotations:
D:2 Sigmund


Innate Abilities, Weirdness & Mutations

You have large cloven feet.
You have a pair of small horns on your head.


Message History

You shoot a bolt.
The bolt hits the hobgoblin but does no damage.
You shoot a bolt. The bolt closely misses the hobgoblin.
You shoot a bolt. The bolt hits the hobgoblin!
You kill the hobgoblin!
No target in view!
A kobold comes into view. It is wielding a +0 short sword.
The kobold moves out of view.
You shoot a bolt. The bolt closely misses the kobold.
The kobold throws a stone.
The stone hits you but does no damage.
You shoot a bolt. The bolt closely misses the kobold.
The kobold throws a stone.
The stone closely misses you.
You shoot a bolt. The bolt barely misses the kobold.
The kobold throws a stone.
The stone barely misses you.
You shoot a bolt. The bolt misses the kobold.
The kobold throws a stone.
The stone misses you.
You shoot a bolt.
The bolt hits the kobold but does no damage.
You shoot a bolt. The bolt hits the kobold!
You kill the kobold!
F - a +5 ring of evasion
Things that are here:
a +0 short sword; 3 stones; a kobold corpse A goblin comes into view.
It is wielding a +0 dagger.
You shoot a bolt. The bolt hits the goblin!
You kill the goblin!
A bat comes into view.
You see here a +0 dagger.
You shoot a bolt. The bolt hits the bat!
You kill the bat!
A giant cockroach and a rat come into view.
Found a dagger.
The giant cockroach bites you.
You take 2 damage, and have 30/32 hp.
You shoot a bolt. The bolt hits the giant cockroach!
You kill the giant cockroach!
You shoot a bolt. The bolt hits the rat!
You kill the rat!
No target in view!
An adder comes into view.
Health restored: 32 You shoot a bolt.
The bolt hits the adder!
You kill the adder!
You see here a +0 dagger.
You see here an adder corpse.
There is an open door here.
A goblin and 2 endoplasms come into view.
The goblin is wielding a +0 dagger of venom.
The goblin shouts!
The endoplasm quivers. x2
You hear a shout!
You shoot a bolt. The bolt hits the goblin!!
You kill the goblin!
A gnoll comes into view. It is wielding a +0 flail.
You shoot a bolt. The bolt barely misses the endoplasm.
The endoplasm hits you.
You take 1 damage, and have 31/32 hp.
You shoot a bolt. The bolt hits the endoplasm.
The endoplasm is heavily wounded.
The endoplasm hits you but does no damage.
The endoplasm barely misses you.
Health restored: 32 You shoot a bolt.
The bolt hits the endoplasm!
You kill the endoplasm!
The endoplasm freezes you.
You are frozen.
The endoplasm hits you but does no damage.
You take 4 damage, and have 28/32 hp.
You shoot a bolt.
The bolt hits the endoplasm but does no damage.
The endoplasm hits you but does no damage.
You shoot a bolt. The bolt barely misses the gnoll.
The gnoll hits you with a +0 flail! The endoplasm barely misses you.
The endoplasm hits you. The gnoll hits you with a +0 flail!
* * * LOW HITPOINT WARNING * * *
You take 20 damage, and have 9/32 hp.
MASSIVE DAMAGE!!
You are too injured to fight recklessly!
There is an open door here.
You are now empty-handed.
It was a potion of curing.
You feel better. The gnoll closely misses you.
You regained 7 hp, and now have 16/32 hp.
You hit the gnoll but do no damage. You kick the gnoll.
The gnoll is lightly wounded.
The gnoll closely misses you.
You hit the gnoll but do no damage. You headbutt the gnoll.
The gnoll is moderately wounded.
The gnoll hits you with a +0 flail!
* * * LOW HITPOINT WARNING * * *
You take 9 damage, and have 7/32 hp.
MASSIVE DAMAGE!!
It was a potion of degeneration.
There was something very wrong with that liquid.
You feel weakened.
You feel dopey.
You feel clumsy. The gnoll hits you with a +0 flail.
* * * LOW HITPOINT WARNING * * *
You take 2 damage, and have 5/32 hp.
You feel better. The gnoll hits you with a +0 flail!
* * * LOW HITPOINT WARNING * * *
You regained 3 hp, and now have 8/32 hp.
As you read the scroll labelled AQOWKO XANIKH, it crumbles to dust.
A profound silence engulfs you.
It was a scroll of silence.
The gnoll hits you with a +0 flail!
You die...

██......██ █...█
██....).██ █....
██..†...██
██......██
██......██
........
██.....†██
.......@
██......██
█......██
██......█ █.█.....
█......█@█
█.█....█
......███g█
█.█....█
.....███.)J█
█......██
...███....██
█.......█
.███....█.
█.██.██)█ ..██.██
███████.██.██.██ █
█ █.██............
███..█.██.█.███.██
█....█.██.█.███.██


You could see a gnoll and an endoplasm (unsilenced).

Vanquished Creatures
  Robin (D:2)
  3 adders (D:2)
  3 dart slugs
  4 ball pythons (D:1)
  9 endoplasms
  3 giant cockroaches
  14 goblins
  7 hobgoblins
  6 jackals
  A quokka (D:1)
  9 bats
  2 frilled lizards
  6 kobolds
  3 rats
71 creatures vanquished.

Notes
Turn   | Place    | Note
-------+----------+-------------------------------------------
     0 | D:1      | Goblin1989 the Demonspawn Hexslinger began the quest for
                  | the Orb.
     0 | D:1      | Reached XP level 1. HP: 15/15 MP: 2/2
    61 | D:1      | Reached skill level 2 in Ranged Weapons
   209 | D:1      | Discovered your monstrous ancestry.
   209 | D:1      | Gained mutation: You have large cloven feet. [demonic
                  | ancestry]
   209 | D:1      | Reached XP level 2. HP: 21/21 MP: 3/3
   509 | D:1      | Reached skill level 3 in Ranged Weapons
   770 | D:1      | Reached XP level 3. HP: 26/26 MP: 4/4
  1268 | D:2      | Noticed Sigmund
  1335 | D:1      | Gained mutation: You have a pair of small horns on your
                  | head. [demonic ancestry]
  1335 | D:1      | Reached XP level 4. HP: 8/32 MP: 5/5
  1433 | D:2      | Reached skill level 4 in Ranged Weapons
  1495 | D:2      | Noticed Robin
  1504 | D:2      | Killed Robin
  1855 | D:2      | Slain by a gnoll

Illustrated notes

Levels and vault maps discovered:
D:1:      dpeg_arrival_concentric_ovals, layout_basic, minivault_24,
          minmay_close_crescents
D:2:      minmay_razor_zed, layout_loops_cross, uniq_sigmund, uniq_robin

Skill      XL: |  1  2  3  4 |
---------------+-------------+-----
Ranged Weapons | 2 3 4 |  4.6
Fighting       | |  1.0
Dodging        | |  1.7
Spellcasting   | |  1.0
Hexes          | |  3.0
Fire Magic     | |  0.8

Action                     |  1- 3 |  4- 6 || total
---------------------------+-------+-------++-------
  Melee: Unarmed           |    28 |     5 ||    33
         Kick              |     9 |     2 ||    11
         Headbutt          |       |     2 ||     2
   Fire: Sling             |    25 |       ||    25
         Arbalest          |    75 |    61 ||   136
    Use: Potion            |       |     3 ||     3
         Scroll            |       |     1 ||     1
 Armour: Robe              |    59 |    40 ||    99
  Dodge: Dodged            |    63 |    31 ||    94

Table legend: (Time is in decaauts)
 A = Elapsed time spent in this place.
 B = Non-inter-level travel time spent in this place.
 C = Inter-level travel time spent in this place.
 D = Time resting spent in this place.
 E = Time spent auto-exploring this place.
 F = Levels seen in this place.
 G = Mean time per level.
                   A        B        C        D        E       F      G
               +--------+--------+--------+--------+--------+-----+--------+
         Total |   1953 |   1903 |     50 |    182 |   1310 |   2 |  976.5 |
       Dungeon |   1953 |   1903 |     50 |    182 |   1310 |   2 |  976.5 |
               +--------+--------+--------+--------+--------+-----+--------+

Top non-repeatable levels by time:
     D:1: 1246 daAuts
     D:2: 706 daAuts
